 Dungeon Crawl Stone Soup version 0.21-a0-348-ga060c75 (webtiles) character file.

11 Xonor the Gusty (level 2, 0/15 HPs)
             Began as a Tengu Air Elementalist on Oct 6, 2017.
             Slain by a giant cockroach (2 damage)
             ... on level 1 of the Dungeon.
             The game lasted 00:01:29 (959 turns).

Xonor the Gusty (Tengu Air Elementalist)             Turns: 959, Time: 00:01:30

Health: 0/15       AC:  2    Str:  8    XL:     2   Next: 29%
Magic:  6/6        EV: 13    Int: 15    God:
Gold:   47         SH:  0    Dex: 14    Spells: 4/5 levels left

rFire    . . .     SeeInvis .   m - +0 hand axe
rCold    . . .     Gourm    .   (no shield)
rNeg     . . .     Faith    .   a - +0 robe
rPois    .         Spirit   .   (helmet restricted)
rElec    .         Reflect  .   (no cloak)
rCorr    .         Harm     .   (no gloves)
MR       .....                  (boots unavailable)
Stlth    ++........             (no amulet)
HPRegen  0.05/turn              (no ring)
MPRegen  0.10/turn              (no ring)

@: no status effects
A: beak, talons 3
a: no special abilities


You were on level 1 of the Dungeon.
You were not hungry.

You visited 1 branch of the dungeon, and saw 1 of its levels.

You collected 47 gold pieces.

Inventory:

Hand Weapons
 e - a +0 short sword
 m - a +0 hand axe (weapon)
Armour
 a - a +0 robe (worn)
Scrolls
 f - 2 scrolls of fog {unknown}
 g - a scroll of blinking {unknown}
 h - a scroll of magic mapping {unknown}
 j - a scroll of identify {unknown}
 l - a scroll of remove curse {unknown}
Potions
 d - a potion of degeneration {unknown}
 k - a potion of haste {unknown}
Books
 b - a book of Air

   Spells                             Type                      Level
   a - Shock                          Conjuration/Air              1
   b - Swiftness                      Charms/Air                   2
   c - Static Discharge               Conjuration/Air              3
   d - Airstrike                      Air                          4
   e - Lightning Bolt                 Conjuration/Air              5
Comestibles
 c - a bread ration


   Skills:
 - Level 2.3 Dodging
 - Level 2.0 Stealth
 + Level 2.0 Spellcasting
 * Level 1.9 Conjurations
 * Level 4.5 Air Magic


You had 4 spell levels left.
You knew the following spells:

 Your Spells              Type           Power        Failure   Level  Hunger
a - Shock                 Conj/Air       ##..         6%          1    #......


Dungeon Overview and Level Annotations

Branches:
Dungeon (1/15)

Altars:


Innate Abilities, Weirdness & Mutations

You have a beak for a mouth.
You have claws for feet.


Message History

You barely miss the giant cockroach.
You claw the giant cockroach, but do no damage.
The giant cockroach is moderately wounded.
The giant cockroach bites you.
The giant cockroach bites you but does no damage.
You hit the giant cockroach. Your peck misses the giant cockroach.
The giant cockroach is almost dead.
The giant cockroach bites you. The dart slug launches a dart at you.
The slug dart hits you!
* * * LOW HITPOINT WARNING * * *
The giant cockroach closely misses you.
Casting: Shock
Confirm with . or Enter, or press ? or * to list all spells.
Aiming: Shock
Press: ? - help, Shift-Dir - straight line, f - giant cockroach
Aim: a giant cockroach (almost dead, clinging)
Okay, then.
The giant cockroach bites you.
You die...

... ... .. .... ..
##.#.# #####w ...#.#
#....# ##.#.. #....#
#.....# ##...†#######
#..#... #...@s#.....#
#..###.
#.....#.....###....'.
#...#..........#.###.
#$..#..........#.###.
+............).......
#...#................
#...#..............##
#####..............#
##.########....#


You could see a dart slug and a giant cockroach.

Vanquished Creatures
  A giant cockroach (D:1)
  2 hobgoblins (D:1)
  3 kobolds (D:1)
  2 frilled lizards (D:1)
  3 rats (D:1)
11 creatures vanquished.

Notes
Turn   | Place    | Note
-------+----------+-------------------------------------------
     0 | D:1      | Xonor the Tengu Air Elementalist began the quest for the Orb.
     0 | D:1      | Reached XP level 1. HP: 10/10 MP: 4/4
   406 | D:1      | Reached XP level 2. HP: 15/15 MP: 6/6
   959 | D:1      | Slain by a giant cockroach

Vault maps used:
D:1:      eino_arrival_water_cross

Action                   || total
-------------------------++-------
Melee: Unarmed           ||     8
       Kick              ||     5
       Peck              ||     3
       Short sword       ||     1
       Hand axe          ||    18
 Cast: Shock             ||     9
Armor: Robe              ||     7
Dodge: Dodged            ||    15

Table legend:
 A = Spawn XP
 B = Non-spawn XP
 C = Spawn XP percentage of total XP
 D = Spawn monster count
 E = Non-spawn monster count
 F = Spawn count percentage of total count
 G = Total turns spent on level
                    A         B        C        D         E        F      G
               +---------+---------+-------+---------+---------+-------+---------
         Total |       0 |      17 |   0.0 |       0 |      11 |   0.0 |   959
               +---------+---------+-------+---------+---------+-------+---------
           D:1 |       0 |      17 |   0.0 |       0 |      11 |   0.0 |   959
               +---------+---------+-------+---------+---------+-------+---------
